 Dungeon Crawl Stone Soup version 0.28-a0-724-g66f9036eb4 (webtiles) character file.

Game seed: 13843871889109393172

62 flotson the Sneak (level 3, -2/30 HPs)
             Began as a Demonspawn Delver on Oct 26, 2021.
             Slain by a phantom (7 damage)
             ... on level 4 of the Dungeon.
             The game lasted 00:03:09 (1188 turns).

flotson the Sneak (Demonspawn Delver)               Turns: 1188, Time: 00:03:10

Health: -2/30      AC:  4    Str: 19    XL:     3   Next: 85%
Magic:  3/3        EV: 12    Int: 11    God:
Gold:   29         SH:  0    Dex: 14    Spells: 2/2 levels left

rFire   . . .      SeeInvis .   b - +0 hand crossbow
rCold   . . .      Faith    .   (no shield)
rNeg    . . .      Spirit   .   f - +0 leather armour
rPois   .          Reflect  .   (no helmet)
rElec   .          Harm     .   (no cloak)
rCorr   .          Rampage  .   (no gloves)
Will    .....                   (no boots)
Stlth   ++........              (no amulet)
HPRegen 0.10/turn               h - +6 ring of strength
MPRegen 0.16/turn               (no ring)

@: lethally poisoned (-2 -> -8)
A: magic regeneration, sharp scales 1
a: no special abilities


You were on level 4 of the Dungeon.
You visited 1 branch of the dungeon, and saw 2 of its levels.

You collected 29 gold pieces.

Inventory:

Hand Weapons
 a - a +0 hand axe
 b - a +0 hand crossbow (weapon)
Missiles
 i - 10 bolts (quivered ammo)
Armour
 f - a +0 leather armour (worn)
Jewellery
 h - a +6 ring of strength (left hand)
Wands
 g - a wand of digging (3)
Scrolls
 c - a scroll of fog
 d - a scroll of identify {unknown}
 e - a scroll of fear
 j - a scroll of enchant armour {unknown}
 l - a scroll of teleportation {unknown}
 m - a scroll of enchant weapon {unknown}
Potions
 k - a potion of brilliance {unknown}
 n - a potion of berserk rage {unknown}


   Skills:
 + Level 3.7 Fighting
 - Level 1.7 Axes
 + Level 1.6 Armour
 + Level 2.6 Dodging
 - Level 4.5 Stealth


You had 2 spell levels left.
You didn't know any spells.
Your spell library was empty.

Dungeon Overview and Level Annotations

Branches:
Dungeon (5/15)             Temple (0/1) D:5

Altars:


Innate Abilities, Weirdness & Mutations

You regenerate magic rapidly.
You are partially covered in razor-sharp scales. (AC +1, Slay +1)


Message History

The orc wizard is heavily wounded.
The orc wizard casts a spell at you.
You are confused.
You are too confused!
You bump into the rock wall.
A phantom comes into view.
You bump into the rock wall.
You feel less confused.
The orc wizard gestures at you while chanting.
You resist with significant effort.
Fire: 12 bolts
Press: ? - help, Q - select action Shift-Dir - straight line, f/p - orc wizard
Aim: an orc wizard, wielding a +0 dagger and wearing a +0 robe (heavily wounded, 58% to hit)
You shoot a bolt. The bolt hits the orc wizard.
The orc wizard is severely wounded.
Fire: 11 bolts
Press: ? - help, Q - select action Shift-Dir - straight line, f/p - orc wizard
Aim: an orc wizard, wielding a +0 dagger and wearing a +0 robe (severely wounded, 58% to hit)
You shoot a bolt. The bolt hits the orc wizard!
You kill the orc wizard!
You hear the quick rusting of a very distant drain.
You open the door.
A phantom comes into view.
Found an orange potion.
You open the door.
A ball python comes into view.
The phantom barely misses you.
Found a golden potion, a hunting sling and a pair of boots.
You hear the rapid rusting of a drain nearby.
The scorpion stings you!
You are poisoned.
The scorpion poisons you!
You feel very sick. The scorpion stings you. The phantom hits you.
The phantom blinks!
You blink.
* * * LOW HITPOINT WARNING * * *
You feel very sick. The phantom closely misses you.
* * * LOW HITPOINT WARNING * * *
You feel sick. The phantom hits you!
You die...

#..# ##....###...##
#..# ##...##)....##
#..# #...#.......#
#..# +...'.......#
#..### #..§#.†.....#
#....# #...##.....##
##W#### #.s.###...##
#..# #### #.W.# #####
.#.## #...# #.@W# ...#
###.# .....##...#
..... W#.##
......#...#...... #.##
.!....'...'...S!.
#.#####
.....#...#....).
#.W...#
....##...##.....
#####.# ...# #...#
#..[# #.# ##### #...#
#####
#.###...###...###...##


You could see 2 phantoms and a scorpion.

Vanquished Creatures
  An orc wizard (D:4)
  A hound skeleton (D:5)
  An adder (D:4)
  2 orcs (D:4)
  A ball python (D:4)
  2 endoplasms (D:4)
  2 goblins (D:4)
  A quokka (D:4)
  2 kobolds (D:4)
13 creatures vanquished.

Notes
Turn   | Place    | Note
-------+----------+-------------------------------------------
     0 | D:5      | flotson the Demonspawn Delver began the quest for the Orb.
     0 | D:5      | Reached XP level 1. HP: 18/18 MP: 1/1
    67 | D:5      | Noticed an iguana
   190 | D:5      | Gained mutation: You regenerate magic rapidly. [demonic
                  | ancestry]
   190 | D:5      | Reached XP level 2. HP: 4/24 MP: 2/2
   632 | D:4      | Noticed a scorpion
   725 | D:4      | Reached skill level 1 in Armour
  1024 | D:4      | Gained mutation: You are partially covered in razor-sharp
                  | scales. (AC +1, Slay +1) [demonic ancestry]
  1024 | D:4      | Reached XP level 3. HP: 29/29 MP: 3/3
  1092 | D:4      | Noticed a phantom
  1176 | D:4      | Noticed a phantom
  1188 | D:4      | Slain by a phantom

Illustrated notes

Levels and vault maps discovered:
D:4:      kennysheep_six_static_rooms, layout_loops_ring, portal_sewer_entry_d,
          uniq_crazy_yiuf_cottage, uniq_blork_the_orc, uniq_menkaure
D:5:      layout_basic, mainiacjoe_overflow_surrounded_room,
          minmay_temple_entry_tees

Skill      XL: |  1  2 |
---------------+-------+-----
Dodging        | 2 |  2.6
Armour         | 1 |  1.6
Fighting       | |  3.7
Axes           | |  1.7
Stealth        | |  4.5

Action                   || total
-------------------------++-------
Melee: Hand axe          ||    25
 Fire: Hand crossbow     ||    17
  Use: Potion            ||     2
       Scroll            ||     1
Armor: Leather armour    ||     5
Dodge: Dodged            ||    19

Table legend: (Time is in decaauts)
 A = Elapsed time spent in this place.
 B = Non-inter-level travel time spent in this place.
 C = Inter-level travel time spent in this place.
 D = Time resting spent in this place.
 E = Time spent auto-exploring this place.
 F = Levels seen in this place.
 G = Mean time per level.
                   A        B        C        D        E       F      G
               +--------+--------+--------+--------+--------+-----+--------+
         Total |   1171 |   1069 |    102 |      0 |    800 |   2 |  585.5 |
       Dungeon |   1171 |   1069 |    102 |      0 |    800 |   2 |  585.5 |
               +--------+--------+--------+--------+--------+-----+--------+

Top non-repeatable levels by time:
     D:4: 662 daAuts
     D:5: 508 daAuts
